 Dungeon Crawl Stone Soup version 0.30-a0-627-gc11e7ae810 (webtiles) character file.

Game seed: 13616317739774120156

57 Dartaoz the Poker (level 3, -2/31 HPs)
             Began as a Minotaur Fighter on Jan 12, 2023.
             Succumbed to an adder's poison
             ... on level 2 of the Dungeon.
             The game lasted 00:04:25 (832 turns).

Dartaoz the Poker (Minotaur Fighter)                 Turns: 832, Time: 00:04:26

Health: -2/31      AC:  6    Str: 22    XL:     3   Next: 73%
Magic:  2/2        EV:  9    Int:  5    God:
Gold:   81         SH:  4    Dex:  9    Spells: 2/2 levels left

rFire   . . .      SeeInvis .    a - +0 trident
rCold   + . .      Faith    .    c - +0 buckler
rNeg    . . .      Spirit   .    b - +0 scale mail
rPois   .          Reflect  .    (helmet restricted)
rElec   .          Harm     .    (no cloak)
rCorr   .          Rampage  .    (no gloves)
Will    .....                    (no boots) Stlth
                                 (no amulet)
HPRegen 0.25/turn                g - ring of protection from cold
MPRegen 0.08/turn                (no ring)

@: lethally poisoned (-2 -> -11)
A: horns 2, retaliatory headbutt
a: no special abilities


You were on level 2 of the Dungeon.
You visited 1 branch of the dungeon, and saw 2 of its levels.

You collected 81 gold pieces.

Inventory:

Hand Weapons
 a - a +0 trident (weapon)
Armour
 b - a +0 scale mail (worn)
 c - a +0 buckler (worn)
Jewellery
 g - a ring of protection from cold (left hand)
 h - a +6 ring of dexterity
 l - an amulet of guardian spirit
Scrolls
 f - 2 scrolls of teleportation {unknown}
 i - a scroll of fear {unknown}
 m - a scroll of poison {unknown}
 n - a scroll of blinking {unknown}
Potions
 d - a potion of might
 e - 2 potions of heal wounds {unknown}
 j - a potion of curing {unknown}
 k - 2 potions of mutation {unknown}
 o - a potion of brilliance {unknown}


   Skills:
 + Level 3.6 Fighting
 + Level 5.0 Polearms
 + Level 3.6 Armour
 + Level 0.0 Dodging
 + Level 3.6 Shields


You had 2 spell levels left.
You didn't know any spells.
Your spell library contained the following spells:

 Spells                   Type           Power      Damage    Failure   Level
 Tukima's Dance           Hex            0%         N/A       99%         3
 Passage of Golubria      Tloc           0%         N/A       100%        4
 Yara's Violent Unravell  Hex/Tmut       0%         3d3       100%        5


Dungeon Overview and Level Annotations

Branches:
Dungeon (2/15)

Altars:

Shops:
D:1 *   D:2 (


Innate Abilities, Weirdness & Mutations

You have a pair of horns on your head.
You reflexively headbutt those who attack you in melee.


Message History

You feel sick.
You are too injured to fight recklessly!
You hit the endoplasm but do no damage. You headbutt the endoplasm.
The endoplasm is heavily wounded.
You feel sick. The endoplasm barely misses you. The endoplasm freezes you.
You are frozen.
You resist.
You hit the endoplasm. Your headbutt misses the endoplasm.
The endoplasm is almost dead.
You feel sick. The endoplasm barely misses you.
You puncture the endoplasm!
You kill the endoplasm!
You feel sick.
You are no longer poisoned.
The adder barely misses you. You furiously retaliate!
You headbutt the adder! You miss the adder. Your headbutt misses the adder.
The adder is severely wounded.
The adder bites you.
* * * LOW HITPOINT WARNING * * *
You are poisoned.
The adder poisons you!
You closely miss the adder.
The adder is severely wounded.
You feel sick. The adder bites you.
* * * LOW HITPOINT WARNING * * *
You closely miss the adder.
The adder is severely wounded.
* * * LOW HITPOINT WARNING * * *
You feel sick. The adder closely misses you.
The adder bites you but does no damage.
You completely miss the adder.
The adder is severely wounded.
* * * LOW HITPOINT WARNING * * *
You feel sick. The adder bites you.
* * * LOW HITPOINT WARNING * * *
You are more poisoned.
The adder poisons you!
You puncture the adder!
You kill the adder!
You die...

#....)......#
#......?....#
#.........#.#########
#.........#.##.##....
###.........#.##.......
#...........#†##.......
#.........#.###...... #
##.#####.......... ##
#####@.#......##......
.####
...........####..#......
###....##.......#####
##........
................
##......†
..†.....####.#..#
##..#.... .......##
#.....##### #.†.....#
.......#
##..#.....####.......#
..†.(..#
#....#................
.......#
#.......).....#....#


There were no monsters in sight!

Vanquished Creatures
  An adder (D:2)
  A gnoll (D:1)
  A worm (D:2)
  2 dart slugs (D:1)
  3 bats
  2 endoplasms
  2 giant cockroaches (D:1)
  5 goblins (D:1)
  3 hobgoblins
  2 kobolds (D:1)
  2 quokkas
  6 ball pythons
  4 frilled lizards (D:1)
  7 rats
41 creatures vanquished.

Vanquished Creatures (others)
  2 plants (D:1)
2 creatures vanquished.

Grand Total: 43 creatures vanquished

Notes
Turn   | Place    | Note
-------+----------+-------------------------------------------
     0 | D:1      | Dartaoz the Minotaur Fighter began the quest for the Orb.
     0 | D:1      | Reached XP level 1. HP: 19/19 MP: 0/0
   109 | D:1      | Reached skill level 3 in Polearms
   113 | D:1      | Reached XP level 2. HP: 11/26 MP: 1/1
   253 | D:1      | Found Noigoak's Assorted Antiques.
   273 | D:1      | Reached skill level 4 in Polearms
   278 | D:1      | Found a faded altar of an unknown god.
   430 | D:1      | Reached XP level 3. HP: 31/31 MP: 2/2
   658 | D:2      | Found Qeli Guadghe's Weapon Shoppe.
   788 | D:2      | Reached skill level 5 in Polearms
   831 | D:2      | HP: 1/31 [adder (3)]
   832 | D:2      | Succumbed to an adder's poison

Illustrated notes

Levels and vault maps discovered:
D:1:      minmay_arrival_three_doors, layout_basic,
          dreamdust_ecumenical_altar_grove, serial_shops, shop, st_stairs_5
D:2:      layout_rooms, serial_shops, nicolae_shop_trees,
          nicolae_shop_statue_plus, shop_scrolls, shop, nicolae_shop_stone,
          uniq_crazy_yiuf_cottage

Skill      XL: |  1  2  3 |
---------------+----------+-----
Polearms       | 3 4 5 |  5.0
Fighting       | |  3.6
Armour         | |  3.6
Shields        | |  3.6

Action                   || total
-------------------------++-------
Melee: Trident           ||   115
       Headbutt          ||     8
 Stab: Distracted        ||     1
Armor: Scale mail        ||    32
Dodge: Dodged            ||    31
Block: Buckler           ||    11

Table legend: (Time is in decaauts)
 A = Elapsed time spent in this place.
 B = Non-inter-level travel time spent in this place.
 C = Inter-level travel time spent in this place.
 D = Time resting spent in this place.
 E = Time spent auto-exploring this place.
 F = Levels seen in this place.
 G = Mean time per level.
                   A        B        C        D        E       F      G
               +--------+--------+--------+--------+--------+-----+--------+
         Total |    845 |    810 |     35 |      0 |    577 |   2 |  422.5 |
       Dungeon |    845 |    810 |     35 |      0 |    577 |   2 |  422.5 |
               +--------+--------+--------+--------+--------+-----+--------+

Top non-repeatable levels by time:
     D:1: 661 daAuts
     D:2: 183 daAuts
